 Dungeon Crawl Stone Soup version 0.27-a0-1502-g47ed6a6988 (webtiles) character file.

Game seed: 14866647672343515809

864 Demosthentine the Poker (level 8, -2/62 HPs)
             Began as a Merfolk Gladiator on July 8, 2021.
             Killed from afar by Ijyb (7 damage)
             ... with an iceblast
             ... on level 5 of the Dungeon.
             The game lasted 00:03:39 (3987 turns).

Demosthentine the Poker (Merfolk Gladiator)         Turns: 3987, Time: 00:03:39

Health: -2/62      AC:  6    Str: 16    XL:     8   Next: 3%
Magic:  8/8        EV: 30    Int:  7    God:
Gold:   870        SH:  0    Dex: 16    Spells: 7/7 levels left

rFire    . . .     SeeInvis .   a - +0 trident (drain)
rCold    . . .     Faith    .   (no shield)
rNeg     + . .     Spirit   .   b - +0 leather armour
rPois    .         Reflect  .   c - +0 helmet
rElec    .         Harm     .   k - +1 cloak
rCorr    .         Rampage  .   (no gloves)
Will     .....                  (no boots)
Stlth    +.........             h - amulet of the acrobat
HPRegen  0.20/turn              g - ring of positive energy
MPRegen  0.11/turn              (no ring)

@: confused, lethally poisoned (-2 -> -18), ambrosia-drunk, acrobatic
A: (nimble swimmer 2), mertail
a: no special abilities


You were on level 5 of the Dungeon.
You visited 1 branch of the dungeon, and saw 5 of its levels.

You collected 870 gold pieces.

Inventory:

Hand Weapons
 a - a +0 trident of draining (weapon)
Missiles
 d - 3 throwing nets (quivered)
 e - 5 atropa-tipped darts
Armour
 b - a +0 leather armour (worn)
 c - a +0 helmet (worn)
 k - a +1 cloak (worn)
Jewellery
 g - a ring of positive energy (left hand)
 h - an amulet of the acrobat (around neck)
Wands
 o - a wand of iceblast (9)
Scrolls
 i - a scroll of teleportation
 m - a scroll of identify
Potions
 f - a potion of flight
 j - a potion of attraction


   Skills:
 + Level 5.2 Fighting
 + Level 7.7 Polearms
 - Level 2.0 Throwing
 + Level 3.0 Armour
 + Level 7.0 Dodging


You had 7 spell levels left.
You didn't know any spells.
Your spell library contained the following spells:

 Spells                   Type           Power      Damage    Failure   Level
 Apportation              Tloc           0%         N/A       50%         1
 Corona                   Hex            0%         N/A       50%         1
 Ensorcelled Hibernation  Hex/Ice        0%         N/A       63%         2
 Static Discharge         Conj/Air       0%         N/A       63%         2
 Tukima's Dance           Hex            0%         N/A       86%         3
 Alistair's Intoxication  Tmut/Pois      0%         N/A       100%        5
 Lightning Bolt           Conj/Air       0%         1d11      100%        5
 Invisibility             Hex            0%         N/A       100%        6
 Maxwell's Capacitive Co  Air            0%         ∞         100%        8


Dungeon Overview and Level Annotations

Branches:
Dungeon (5/15)
 Temple: D:4-7

Altars:
Elyvilon
Nemelex Xobeh

Annotations:
D:5 Ijyb


Innate Abilities, Weirdness & Mutations

((You are quick and stealthy near water. (Stealth+, EV+, Speed+++)))
Your lower body shifts to a powerful aquatic tail in water.


Message History

* * * LOW HITPOINT WARNING * * *
You are lethally poisoned!
The bullfrog zombie barely misses you.
It was a potion of cancellation.
You feel magically purged.
* * * LOW HITPOINT WARNING * * *
You feel very sick.
Ijyb hits you with a +6 dagger of venom.
* * * LOW HITPOINT WARNING * * *
The bullfrog zombie misses you.
Unknown command.
It was a potion of ambrosia.
You are confused.
You feel invigorated.
* * * LOW HITPOINT WARNING * * *
You feel very sick. The bullfrog zombie barely misses you.
Ijyb hits you but does no damage.
Unknown command.
* * * LOW HITPOINT WARNING * * *
You feel sick. Ijyb closely misses you. The bullfrog zombie misses you.
Found 12 gold pieces.
A phantom comes into view.
You feel sick. Ijyb screams, "I cut your head off!"
Ijyb hits you with a +6 dagger of venom.
* * * LOW HITPOINT WARNING * * *
You are more poisoned.
The phantom moves out of view.
You hit Ijyb. You drain Ijyb.
Ijyb is almost dead.
* * * LOW HITPOINT WARNING * * *
You feel very sick.
Ijyb hits you with a +6 dagger of venom.
* * * LOW HITPOINT WARNING * * *
You are more poisoned.
The bullfrog zombie hits you but does no damage.
* * * LOW HITPOINT WARNING * * *
You feel very sick.
The bullfrog zombie completely misses you.
Ijyb zaps a wand.
The mass of ice explodes!
The iceblast engulfs you!
You die...

#. #..........#
#.#####.....###..#
#............##.<#
.............##..#
#.....###...##..# .
#............#..#
#.#
#.....#####.##..#
...
####.#....#.##..# ..
#.#....#.##.@#.#W.#.
#.#........Z........
#.#.####[#.g...#.$##
#.#.# #.#...<....#
#.#.####.#......#.#
..#......#...#### #
########.... #.#.##
#.#..


You could see Ijyb (drained) and a bullfrog zombie.

Vanquished Creatures
  A sky beast (D:3)
  A black bear (D:4)
  An ogre (D:5)
  A scorpion (D:5)
  A jelly (D:4)
  A hound (D:4)
  An orc priest (D:3)
  A gnoll shaman (D:4)
  Jessica (D:2)
  An iguana (D:4)
  3 orc wizards (D:3)
  Natasha (thrice) (D:2)
  Robin (D:2)
  3 adders
  7 gnolls (D:4)
  5 worms
  4 dart slugs
  6 orcs
  8 bats
  6 endoplasms
  4 giant cockroaches
  15 goblins
  7 hobgoblins
  4 jackals
  10 kobolds
  6 quokkas
  3 ball pythons
  4 frilled lizards
  A rat (D:1)
110 creatures vanquished.

Vanquished Creatures (others)
  A butterfly (D:4)
1 creature vanquished.

Grand Total: 111 creatures vanquished

Notes
Turn   | Place    | Note
-------+----------+-------------------------------------------
     0 | D:1      | Demosthentine the Merfolk Gladiator began the quest for the
                  | Orb.
     0 | D:1      | Reached XP level 1. HP: 16/16 MP: 1/1
   219 | D:1      | Reached XP level 2. HP: 22/23 MP: 2/2
   510 | D:1      | Reached XP level 3. HP: 12/28 MP: 3/3
   752 | D:1      | Reached skill level 5 in Polearms
  1113 | D:2      | Noticed Natasha
  1132 | D:2      | Killed Natasha
  1133 | D:2      | Reached skill level 1 in Armour
  1133 | D:2      | Reached XP level 4. HP: 29/35 MP: 4/4
  1190 | D:2      | Found a sparkling altar of Nemelex Xobeh.
  1212 | D:2      | Noticed Robin
  1234 | D:2      | Killed Robin
  1494 | D:2      | Noticed Natasha
  1499 | D:2      | Killed Natasha
  1500 | D:2      | Reached skill level 5 in Dodging
  1500 | D:2      | Reached XP level 5. HP: 41/41 MP: 5/5
  1542 | D:2      | Noticed Jessica
  1546 | D:2      | Killed Jessica
  1572 | D:2      | Noticed Natasha
  1579 | D:2      | Killed Natasha
  2045 | D:3      | Noticed a shining eye
  2047 | D:3      | Found a faded altar of an unknown god.
  2048 | D:3      | Noticed a shining eye
  2048 | D:3      | Noticed a golden eye
  2048 | D:3      | Noticed a golden eye
  2143 | D:3      | Reached XP level 6. HP: 48/48 MP: 6/6
  2317 | D:3      | Noticed a sky beast
  2344 | D:3      | Killed a sky beast
  3013 | D:4      | Noticed a black bear
  3022 | D:4      | Killed a black bear
  3023 | D:4      | Reached XP level 7. HP: 49/55 MP: 7/7
  3106 | D:4      | Found a white marble altar of Elyvilon.
  3865 | D:4      | Identified a scroll of acquirement
  3865 | D:4      | Acquired 721 gold pieces
  3904 | D:5      | Entered Level 5 of the Dungeon
  3913 | D:5      | Reached skill level 5 in Fighting
  3936 | D:5      | Reached XP level 8. HP: 60/62 MP: 8/8
  3966 | D:5      | Noticed Ijyb
  3987 | D:5      | Killed from afar by Ijyb

Illustrated notes

Levels and vault maps discovered:
D:1:      dpeg_arrival_castle, layout_loops_ring, minmay_pentomino_w4
D:2:      layout_basic, basic_altar, kennysheep_big_empty_room,
          grunt_ministairs_15, uniq_jessica, uniq_natasha, uniq_robin
D:3:      layout_loops_cross, hellmonk_ecumenical_altar_watching_god,
          kennysheep_flooded_box
D:4:      layout_rooms, nicolae_elyvilon_peaceful_grove
D:5:      cheibrodos_thug_alley, layout_basic, uniq_ijyb, uniq_menkaure,
          uniq_crazy_yiuf_cottage

Skill      XL: |  1  2  3  4  5  6  7 |
---------------+----------------------+-----
Polearms       | 5 6 7 |  7.7
Fighting       | 3 4 5 |  5.2
Armour         | 1 2 3 |  3.0
Dodging        | 5 6 7 |  7.0
Throwing       | |  2.0

Action                   |  1- 3 |  4- 6 |  7- 9 || total
-------------------------+-------+-------+-------++-------
Melee: Trident           |   108 |   183 |   107 ||   398
  Use: Scroll            |     3 |     1 |     3 ||     7
       Potion            |     2 |       |     2 ||     4
 Stab: Sleeping          |     1 |     1 |     2 ||     4
       Distracted        |       |       |     1 ||     1
Armor: Leather armour    |    33 |    48 |    18 ||    99
Dodge: Dodged            |    73 |    85 |    53 ||   211

Table legend: (Time is in decaauts)
 A = Elapsed time spent in this place.
 B = Non-inter-level travel time spent in this place.
 C = Inter-level travel time spent in this place.
 D = Time resting spent in this place.
 E = Time spent auto-exploring this place.
 F = Levels seen in this place.
 G = Mean time per level.
                   A        B        C        D        E       F      G
               +--------+--------+--------+--------+--------+-----+--------+
         Total |   3996 |   3845 |    151 |      0 |   3150 |   5 |  799.2 |
       Dungeon |   3996 |   3845 |    151 |      0 |   3150 |   5 |  799.2 |
               +--------+--------+--------+--------+--------+-----+--------+

Top non-repeatable levels by time:
     D:3: 1012 daAuts
     D:1: 1005 daAuts
     D:2: 1003 daAuts
     D:4: 894 daAuts
     D:5: 80 daAuts
